[Event "Titled Tuesday Blitz February 21 Late 2023"]
[White "Levine, David"]
[Black "Melikhov, Evgeny V."]
[WhiteFideId "2011611"]
[BlackFideId "4122046"]
[WhiteElo "2040"]
[BlackElo "2269"]
[Result "1-0"]
[Round "04"]
[TimeControl "180+2"]
[Date "2023.02.21"]
[WhiteClock "0:00:44"]
[BlackClock "0:00:53"]

1. d4 Nf6 2. c4 e6 3. g3 d5 4. Bg2 dxc4 5. Nf3 Nc6 6. Qa4 Bb4+ 7. Bd2 Bd6 8. Qxc4 O-O 9. e4 e5 10. d5 Ne7 11. Nc3 a6 12. O-O Ng6 13. Rac1 h6 14. Nd1 Nh7 15. Bb4 f5 16. Bxd6 cxd6 17. exf5 Bxf5 18. Ne3 Qf6 19. Nxf5 Qxf5 20. Qc2 Qh5 21. Qe4 Nf6 22. Qb4 Ng4 23. h3 Nf4 24. gxf4 Rxf4 25. Qxb7 Raf8 26. Rc8 Rxf3 27. Bxf3 Qxh3 28. Rxf8+ Kxf8 29. Qc8+ Ke7 30. Qxg4 1-0


[Site "https://www.chess.com"]

[Event "Titled Tuesday Blitz February 21 Late 2023"]
[White "Marcolino, Daniel Mattos"]
[Black "Ruiz Aguilar, Pablo Alexander"]
[WhiteFideId "2106841"]
[BlackFideId "4401352"]
[WhiteElo "2006"]
[BlackElo "2161"]
[Result "1/2-1/2"]
[Round "04"]
[TimeControl "180+2"]
[Date "2023.02.21"]
[WhiteClock "0:00:04"]
[BlackClock "0:00:35"]

1. d4 d5 2. Nf3 c6 3. c4 Nf6 4. Nc3 e6 5. cxd5 exd5 6. Bg5 Be7 7. e3 h6 8. Bxf6 Bxf6 9. Bd3 O-O 10. O-O Re8 11. b4 a6 12. a4 Nd7 13. b5 axb5 14. axb5 Nb6 15. Rxa8 Nxa8 16. bxc6 bxc6 17. Qa4 Bd7 18. Qa7 Qc7 19. Ra1 g6 20. Kf1 Bg4 21. Qxc7 Nxc7 22. Ne1 c5 23. Ra7 cxd4 24. exd4 Ne6 25. f3 Bxd4 26. Nxd5 Bxa7 27. Nf6+ Kf8 28. Nxe8 Kxe8 29. fxg4 Nf4 30. Bb1 Ke7 31. h3 h5 32. gxh5 Nxh5 33. Ke2 Kf6 34. Kf3 Ng7 35. Nd3 Ne6 36. Nf4 Nd4+ 37. Ke4 Kg5 38. Nd5 f5+ 39. Ke5 Ne2 40. Ne7 Bb8+ 41. Ke6 Nf4+ 42. Kf7 Nxg2 43. Nxg6 f4 44. Nxf4 Nxf4 45. h4+ Kxh4 46. Ke7 Ng2 47. Kd7 Bf4 48. Kc6 Kg3 49. Be4 Kf2 50. Bxg2 1/2-1/2


[Site "https://www.chess.com"]

[Event "Titled Tuesday Blitz February 21 Late 2023"]
[White "Avgoustopoulos, Christian"]
[Black "Gamage, Wanshini Vidusama"]
[WhiteFideId "2122294"]
[BlackFideId "9953752"]
[WhiteElo "1969"]
[BlackElo "1089"]
[Result "1/2-1/2"]
[Round "04"]
[TimeControl "180+2"]
[Date "2023.02.21"]
[WhiteClock "0:00:21"]
[BlackClock "0:00:18"]

1. e4 c5 2. Nf3 d6 3. d4 cxd4 4. Nxd4 Nf6 5. Nc3 a6 6. Be2 e5 7. Nb3 Be7 8. Be3 O-O 9. O-O Be6 10. f4 b5 11. Nd2 exf4 12. Bxf4 Nbd7 13. a3 Ne5 14. Nf3 Qc7 15. Nxe5 dxe5 16. Be3 Rfd8 17. Qe1 Bc5 18. Bf3 Qb6 19. Bxc5 Qxc5+ 20. Qf2 Rd4 21. Rad1 Rad8 22. Rxd4 Qxd4 23. Qxd4 Rxd4 24. Rd1 Rxd1+ 25. Nxd1 Kf8 26. Kf2 Ke7 27. Ke3 Ng4+ 28. Bxg4 Bxg4 29. Nf2 Be6 30. Nd3 f6 31. Nc5 Bc8 32. Kd3 Kd6 33. b4 h5 34. c4 h4 35. g3 hxg3 36. hxg3 g6 37. cxb5 axb5 38. Ke3 f5 39. Nd3 Ke6 40. Nc5+ Kf6 41. Nd3 Bb7 42. Nc5 Bxe4 43. Nxe4+ fxe4 44. Kxe4 Ke6 45. g4 g5 46. Ke3 Kd5 47. Kd3 e4+ 48. Ke3 Ke5 49. Ke2 Kd4 50. Kd2 Kc4 51. Ke3 Kb3 52. Kxe4 Kxa3 53. Kf5 Kxb4 54. Kxg5 Kc3 55. Kh6 b4 56. g5 b3 57. g6 b2 58. g7 b1=Q 59. g8=Q Qh1+ 60. Kg7 Qg1+ 61. Kf8 Qxg8+ 62. Kxg8 1/2-1/2


[Site "https://www.chess.com"]

[Event "Titled Tuesday Blitz February 21 Late 2023"]
[White "Stachanczyk, Jacek"]
[Black "Mitrovic, Darko R"]
[WhiteFideId "1116657"]
[BlackFideId "927023"]
[WhiteElo "2147"]
[BlackElo "2220"]
[Result "1-0"]
[Round "04"]
[TimeControl "180+2"]
[Date "2023.02.21"]
[WhiteClock "0:00:52"]
[BlackClock "0:00:05"]

1. e4 c6 2. Nf3 d5 3. exd5 cxd5 4. Ne5 Nf6 5. d4 Nc6 6. Bb5 Bd7 7. Nxd7 Qxd7 8. O-O e6 9. c3 Be7 10. Qe2 O-O 11. Nd2 a6 12. Bd3 b5 13. Nf3 b4 14. Ne5 Qb7 15. Bg5 h6 16. Bh4 a5 17. Rab1 bxc3 18. bxc3 Qc7 19. Rbc1 Nxe5 20. dxe5 Ne8 21. Bxe7 Qxe7 22. c4 Nc7 23. cxd5 Nxd5 24. Be4 Rac8 25. Bxd5 exd5 26. f4 g6 27. Qb5 Qe6 28. Qxa5 Rxc1 29. Rxc1 Qf5 30. Qd2 Qe4 31. Re1 Qc4 32. Rc1 Qe4 33. Kf2 d4 34. Re1 Qd5 35. Qd3 Kg7 36. Re4 Qxa2+ 37. Kf3 Rb8 38. Qxd4 Rb3+ 39. Re3 Rxe3+ 40. Qxe3 Qd5+ 41. Kf2 Qa2+ 42. Kf3 Qd5+ 43. Qe4 Qd1+ 44. Qe2 Qd5+ 45. Kf2 Qd4+ 46. Qe3 Qb2+ 47. Kf3 Qb7+ 48. Kg3 Qb1 49. h3 Qf5 50. Kh2 Qb1 51. Qd4 Qf5 52. e6+ f6 53. e7 Qe6 54. Qd8 h5 55. e8=Q Qxe8 56. Qxe8 h4 57. g3 hxg3+ 58. Kxg3 g5 59. Kg4 gxf4 60. Kf5 f3 61. Qg6+ Kh8 62. Kxf6 f2 63. Qg7# 1-0


[Site "https://www.chess.com"]

[Event "Titled Tuesday Blitz February 21 Late 2023"]
[White "rikchessmx"]
[Black "Jesusesmifuerza"]
[WhiteElo "2290"]
[BlackElo "2009"]
[Result "1/2-1/2"]
[Round "04"]
[TimeControl "180+2"]
[Date "2023.02.21"]
[WhiteClock "0:00:12"]
[BlackClock "0:00:27"]

1. e4 c5 2. Nf3 e6 3. d4 cxd4 4. Nxd4 Nf6 5. Bd3 Nc6 6. Nxc6 bxc6 7. O-O d5 8. Nd2 Be7 9. Qe2 O-O 10. c4 Ba6 11. b3 dxc4 12. Nxc4 Bc5 13. Bg5 Bd4 14. e5 Bxa1 15. Rxa1 h6 16. exf6 hxg5 17. fxg7 Kxg7 18. Rd1 Qf6 19. Qe4 Rh8 20. Qxc6 Bxc4 21. Bxc4 Rad8 22. Rf1 Qe5 23. g3 Rh6 24. Kg2 Rdh8 25. Rh1 g4 26. Bd3 Qd5+ 27. Qxd5 exd5 28. Bf5 Rd6 29. Bxg4 d4 30. Rd1 Re8 31. h4 d3 32. Bf3 d2 33. Kf1 Re5 34. g4 Rd3 35. Be2 Rd4 36. f3 f5 37. Kf2 f4 38. Bb5 Re3 39. Bc6 Rd6 40. Be4 Rd4 41. g5 a5 42. h5 a4 43. h6+ Kh8 44. g6 axb3 45. axb3 Rxb3 46. Ke2 Rb2 47. g7+ Kg8 48. Kf2 Rb6 49. Rg1 Rxe4 50. fxe4 Rxh6 51. Kf3 Rd6 52. Rd1 Kxg7 53. Kxf4 Kf7 54. Ke3 Ke6 55. Rxd2 Rxd2 56. Kxd2 Ke5 57. Kd3 Ke6 58. Kd4 Kd6 59. e5+ Ke6 60. Ke4 Ke7 61. Kd5 Kd7 62. e6+ Ke7 63. Ke5 Ke8 64. Kf5 Ke7 65. Ke5 Ke8 66. Ke4 Ke7 67. Kd5 Ke8 68. Kc6 Ke7 69. Kd5 Ke8 70. Kd6 Kd8 71. Ke5 Ke7 72. Kf5 Ke8 73. Ke5 Ke7 74. Kd5 1/2-1/2


[Site "https://www.chess.com"]

[Event "Titled Tuesday Blitz February 21 Late 2023"]
[White "Better_Chess_Faster"]
[Black "Clawitter, Craig"]
[BlackFideId "2023105"]
[WhiteElo "1982"]
[BlackElo "2050"]
[Result "0-1"]
[Round "04"]
[TimeControl "180+2"]
[Date "2023.02.21"]
[WhiteClock "0:00:47"]
[BlackClock "0:00:13"]

1. c4 e6 2. g3 d5 3. Nf3 Nf6 4. Bg2 Be7 5. d4 O-O 6. O-O dxc4 7. Qc2 a6 8. a4 Bd7 9. Qxc4 Bc6 10. Bf4 a5 11. Nc3 Na6 12. Rfd1 Nb4 13. Qb3 b6 14. Ne5 Bxg2 15. Kxg2 Nfd5 16. Bd2 Bd6 17. Nc4 Be7 18. e4 Nxc3 19. bxc3 Nc6 20. Ne3 Kh8 21. Nc4 Qe8 22. d5 exd5 23. exd5 Nd8 24. Re1 Nb7 25. Ne5 Bd6 26. Ng6+ hxg6 27. Rxe8 Raxe8 28. Re1 Nc5 29. Qc4 Rxe1 30. Bxe1 Re8 31. Bd2 Re4 32. Qa2 Rxa4 33. Qc2 Re4 34. Be3 Re5 35. Bxc5 Bxc5 36. f4 Re7 37. Qd3 Re3 38. Qd2 Kg8 39. c4 a4 40. g4 a3 41. f5 Rb3 42. Qd1 Rb2+ 43. Kg3 a2 44. Qa1 Bd4 45. fxg6 Rg2+ 46. Kxg2 Bxa1 47. gxf7+ Kxf7 48. h4 Bc3 49. h5 a1=Q 50. g5 Qb2+ 51. Kf3 Qb3 52. h6 gxh6 53. gxh6 Bg7+ 54. Ke4 Bxh6 55. Kd4 Qe3# 0-1


[Site "https://www.chess.com"]

[Event "Titled Tuesday Blitz February 21 Late 2023"]
[White "Desideri, Ricardo Maruchi"]
[Black "Comas Fabrego, Lluis"]
[WhiteFideId "2110440"]
[BlackFideId "2200325"]
[WhiteElo "1959"]
[BlackElo "2424"]
[Result "0-1"]
[Round "04"]
[TimeControl "180+2"]
[Date "2023.02.21"]
[WhiteClock "0:00:01"]
[BlackClock "0:00:05"]

1. e4 c5 2. Nf3 d6 3. d4 cxd4 4. Nxd4 Nf6 5. Nc3 g6 6. Be2 Bg7 7. Be3 O-O 8. g4 Nc6 9. g5 Nd7 10. f4 Qb6 11. Nxc6 Qxc6 12. Bd4 e5 13. fxe5 dxe5 14. Be3 Nb6 15. Qd2 Be6 16. O-O-O Rac8 17. Kb1 Na4 18. Nd5 Bxd5 19. exd5 Qd6 20. Qa5 Nc5 21. h4 b6 22. Qa3 Rfd8 23. h5 Bf8 24. hxg6 fxg6 25. Qc3 Bg7 26. Qd2 Ne4 27. Qc1 Ng3 28. Rh2 Nxe2 29. Rxe2 e4 30. c3 Re8 31. Qd2 Rcd8 32. Rh2 Rd7 33. Rdh1 Be5 34. Rh3 Ree7 35. Rd1 Bg7 36. Bd4 Bxd4 37. Qxd4 Qc5 38. Qf6 Rf7 0-1


[Site "https://www.chess.com"]

[Event "Titled Tuesday Blitz February 21 Late 2023"]
[White "Huang, Alex"]
[Black "tandercat"]
[WhiteFideId "4302508"]
[WhiteElo "2009"]
[BlackElo "1858"]
[Result "0-1"]
[Round "04"]
[TimeControl "180+2"]
[Date "2023.02.21"]
[WhiteClock "0:00:12"]
[BlackClock "0:00:08"]

1. d4 d5 2. Bf4 Nf6 3. e3 e6 4. Nd2 c5 5. c3 Nc6 6. Ngf3 Bd6 7. Bg3 O-O 8. Bb5 a6 9. Bxc6 bxc6 10. Qa4 Qc7 11. Bxd6 Qxd6 12. Qa3 Rd8 13. dxc5 Qe7 14. O-O e5 15. b4 Bg4 16. h3 Bh5 17. Rfe1 h6 18. Qa4 Qe6 19. Rac1 Bg6 20. Qb3 Bd3 21. a4 Rdb8 22. Qa3 a5 23. Nb3 axb4 24. cxb4 Ne4 25. Na5 Ba6 26. Qb2 f6 27. Nd2 Ng5 28. f4 Nxh3+ 29. gxh3 Qxh3 30. Nf1 Bxf1 31. Rxf1 Rxa5 32. Qd2 Rxa4 33. fxe5 fxe5 34. Rb1 Rba8 35. Qf2 Ra2 36. Qf7+ Kh8 37. Rf2 Qg3+ 38. Kf1 Qh3+ 39. Kg1 Qxe3 40. Rf1 Qg3+ 41. Kh1 Qh3+ 42. Kg1 Qg3+ 43. Kh1 Rxf2 44. Qxf2 Qxf2 45. Rxf2 Kg8 46. Kg2 e4 47. Rd2 Rb8 48. Rb2 Kf7 49. Kf2 d4 50. Ke2 Ke6 51. Kf2 Ke5 52. Ke2 g5 53. Rb1 g4 54. Kf2 Kf4 55. Kg2 d3 56. Rf1+ Ke3 57. Re1+ Kd4 58. Rd1 e3 59. Kg3 Rxb4 60. Kf4 e2 61. Re1 Rb2 62. Kf5 Rd2 63. Kg6 Rd1 64. Rxd1 exd1=Q 65. Kxh6 Kxc5 66. Kg5 g3 67. Kf4 g2 68. Ke5 g1=Q 69. Ke6 Qe2+ 70. Kd7 Qg7+ 71. Kc8 Qe8# 0-1


[Site "https://www.chess.com"]

[Event "Titled Tuesday Blitz February 21 Late 2023"]
[White "Nakamura, Hikaru"]
[Black "Swiercz, Dariusz"]
[WhiteFideId "2016192"]
[BlackFideId "1126881"]
[WhiteElo "2775"]
[BlackElo "2637"]
[Result "1-0"]
[Round "05"]
[TimeControl "180+2"]
[Date "2023.02.21"]
[WhiteClock "0:00:08"]
[BlackClock "0:00:07"]

1. Nf3 Nf6 2. g3 g6 3. Bg2 Bg7 4. b3 O-O 5. Bb2 c5 6. e3 Nc6 7. d4 cxd4 8. Nxd4 d5 9. Nxc6 bxc6 10. Nd2 Bg4 11. Qc1 Re8 12. c4 e5 13. O-O Rc8 14. h3 Bf5 15. Re1 h5 16. Qc3 Qd7 17. Kh2 d4 18. Qa5 c5 19. e4 Be6 20. Nf3 Nh7 21. Rad1 Qc7 22. Qxc7 Rxc7 23. Re2 Rb8 24. Ne1 Nf6 25. Nd3 Nd7 26. Rc2 a5 27. Ba3 f6 28. h4 Bf8 29. Bh3 Bxh3 30. Kxh3 a4 31. Rb1 Ra7 32. Bc1 Bd6 33. f3 Kf7 34. Bd2 axb3 35. axb3 Ra3 36. Rcb2 Nb6 37. Nf2 Rba8 38. Kg2 Ke6 39. Kf1 Ra2 40. Ke2 Rxb2 41. Rxb2 Ra1 42. Nd3 f5 43. Bc1 Nd7 44. Bg5 Rg1 45. Kf2 Rd1 46. Ke2 Rg1 47. Kf2 Rd1 48. Ne1 Bc7 49. Ke2 Ra1 50. Nd3 Ba5 51. Bd2 Bxd2 52. Rxd2 Rg1 53. Kf2 Rb1 54. Rb2 Rxb2+ 55. Nxb2 Nf6 56. Nd3 Kd6 57. b4 cxb4 58. exf5 gxf5 59. Nxb4 e4 60. Na6 Ke5 61. c5 Nd5 62. c6 Kd6 63. g4 e3+ 64. Ke2 Nf4+ 65. Kd1 d3 66. c7 Kd7 67. gxh5 e2+ 68. Kd2 Kc8 69. Nb4 Kxc7 70. h6 Ng6 71. h5 Nh8 72. Nxd3 Kd6 73. Nf4 Ke5 74. Ng6+ Kf6 75. Nxh8 f4 76. Ng6 Kg5 77. h7 Kh6 78. h8=Q+ Kg5 79. Qe5+ Kh6 80. Qxf4+ Kg7 81. Kxe2 Kh7 82. Ne5 Kh8 83. Qg5 1-0


[Site "https://www.chess.com"]

[Event "Titled Tuesday Blitz February 21 Late 2023"]
[White "Naroditsky, Daniel"]
[Black "Kamsky, Gata"]
[WhiteFideId "2026961"]
[BlackFideId "2000024"]
[WhiteElo "2618"]
[BlackElo "2665"]
[Result "1/2-1/2"]
[Round "05"]
[TimeControl "180+2"]
[Date "2023.02.21"]
[WhiteClock "0:00:20"]
[BlackClock "0:00:36"]

1. e4 e5 2. Nf3 Nc6 3. Bb5 a6 4. Ba4 Nf6 5. O-O Be7 6. Re1 b5 7. Bb3 d6 8. c3 O-O 9. h3 Nb8 10. d4 Nbd7 11. Nbd2 Bb7 12. Bc2 c5 13. Nf1 cxd4 14. cxd4 exd4 15. Nxd4 g6 16. Bh6 Re8 17. Ng3 Bf8 18. Qd2 Bxh6 19. Qxh6 Qe7 20. Bb3 Qf8 21. Qf4 Rad8 22. Rad1 Kh8 23. a4 bxa4 24. Bxa4 Qe7 25. Bc6 Qe5 26. Qxe5 dxe5 27. Bxb7 exd4 28. Rxd4 Nc5 29. Rxd8 Rxd8 30. e5 Nfd7 31. Bd5 Nd3 32. Ra1 N7xe5 33. Be4 1/2-1/2


[Site "https://www.chess.com"]

[Event "Titled Tuesday Blitz February 21 Late 2023"]
[White "Caruana, Fabiano"]
[Black "Kravtsiv, Martyn"]
[WhiteFideId "2020009"]
[BlackFideId "14113147"]
[WhiteElo "2764"]
[BlackElo "2598"]
[Result "0-1"]
[Round "05"]
[TimeControl "180+2"]
[Date "2023.02.21"]
[WhiteClock "0:00:08"]
[BlackClock "0:00:07"]

1. e4 e5 2. Nf3 Nc6 3. Bb5 a6 4. Ba4 Nf6 5. O-O Be7 6. Re1 b5 7. Bb3 O-O 8. a4 b4 9. a5 d6 10. c3 Rb8 11. h3 Be6 12. Bxe6 fxe6 13. d4 exd4 14. cxd4 Rb5 15. Nbd2 Nxa5 16. d5 exd5 17. Nd4 Qd7 18. Nxb5 Qxb5 19. Qe2 Qxe2 20. Rxe2 Nc6 21. exd5 Nxd5 22. Rxa6 Nd4 23. Re4 Bf6 24. Ra5 Nf4 25. Kf1 Nd3 26. Ra1 Nc2 27. Rb1 Bg5 28. f3 d5 29. Rg4 Ne3+ 30. Ke2 Nxg4 31. hxg4 Nc5 32. Nf1 Re8+ 33. Kd1 Bf6 34. Bd2 Nd3 35. Kc2 Nxb2 36. Bxb4 Re2+ 37. Kb3 Nc4 38. Bc3 Rxg2 39. Bxf6 gxf6 40. Kc3 Rf2 41. Kd4 Rxf3 42. Kxd5 Rxf1 43. Rb8+ Kg7 44. Kxc4 Rf4+ 45. Kd5 Rxg4 46. Rc8 Rf4 47. Rxc7+ Kg6 48. Rc8 h5 49. Ke6 Re4+ 50. Kd5 f5 51. Rg8+ Kf6 52. Rg1 h4 53. Rg8 Ra4 54. Rg1 f4 55. Rg4 h3 56. Rh4 Kg5 57. Rxh3 Kg4 58. Rh8 f3 59. Rg8+ Kh3 60. Rf8 Kg3 0-1


[Site "https://www.chess.com"]

[Event "Titled Tuesday Blitz February 21 Late 2023"]
[White "Stoyanov, Tsvetan"]
[Black "Paravyan, David"]
[WhiteFideId "2917173"]
[BlackFideId "4194985"]
[WhiteElo "2454"]
[BlackElo "2601"]
[Result "0-1"]
[Round "05"]
[TimeControl "180+2"]
[Date "2023.02.21"]
[WhiteClock "0:00:03"]
[BlackClock "0:00:07"]

1. c4 c5 2. Nf3 Nf6 3. Nc3 Nc6 4. e3 e5 5. d4 exd4 6. exd4 d5 7. Bg5 Be7 8. cxd5 Nxd5 9. Nxd5 Bxg5 10. dxc5 O-O 11. Be2 Qa5+ 12. Kf1 Bh6 13. Qc2 Be6 14. Nc3 Qxc5 15. a3 Rad8 16. h3 Nd4 17. Nxd4 Rxd4 18. Rd1 Rfd8 19. Qa4 Kf8 20. Rxd4 Rxd4 21. Qb5 Qxb5 22. Bxb5 Bc1 23. Ke2 Bxb2 24. Na4 Bxa3 25. Ra1 Bb4 26. Ke3 Rd5 27. Bc4 Re5+ 28. Kd4 Bd6 29. Nb2 a6 30. Nd3 Rf5 31. Bxe6 fxe6 32. Rb1 Rd5+ 33. Ke4 Rb5 34. Rxb5 axb5 35. Kd4 Ke7 36. Nc1 Kd7 37. Nb3 Kc6 38. f3 g6 39. Ke4 b4 40. Nd4+ Kc5 41. Kd3 Kd5 42. Nb3 Bc5 43. Nd2 Bd4 44. Nb3 Bb6 45. Nd2 Ba7 46. Nb3 Bf2 47. Nd2 Bd4 48. Nb3 Bc3 49. Na5 b6 50. Nb3 h5 51. Nc1 Kc5 52. Nb3+ Kb5 53. Nc1 Ka4 54. Kc2 g5 55. Nd3 Ka3 56. Nc1 Ka4 57. Nb3 Kb5 58. Nc1 Kc4 59. Nb3 e5 60. Nc1 Kd4 61. Ne2+ Ke3 62. Ng3 Kf2 63. Nxh5 Kxg2 64. Nf6 Kxf3 65. Nh7 Kf4 66. Nf6 e4 67. Nd5+ Kf3 68. Nxb6 e3 0-1


[Site "https://www.chess.com"]

[Event "Titled Tuesday Blitz February 21 Late 2023"]
[White "Oganian, Miran"]
[Black "Bluebaum, Matthias"]
[WhiteFideId "4122488"]
[BlackFideId "24651516"]
[WhiteElo "2439"]
[BlackElo "2669"]
[Result "0-1"]
[Round "05"]
[TimeControl "180+2"]
[Date "2023.02.21"]
[WhiteClock "0:00:01"]
[BlackClock "0:00:16"]

1. e4 e6 2. d4 d5 3. Nc3 Nf6 4. e5 Nfd7 5. f4 c5 6. Nf3 Nc6 7. Be3 a6 8. Qd2 b5 9. Be2 Be7 10. Nd1 b4 11. O-O O-O 12. Nf2 a5 13. Kh1 Ba6 14. Bxa6 Rxa6 15. g4 cxd4 16. Nxd4 Nxd4 17. Bxd4 Qc7 18. Rae1 Rc6 19. c3 bxc3 20. bxc3 Bc5 21. f5 Bxd4 22. cxd4 Rc2 23. Qf4 exf5 24. gxf5 f6 25. Ng4 fxe5 26. dxe5 Nc5 27. f6 Nd3 28. Qg5 Nxe1 29. Rxe1 d4 30. Qf5 Qb7+ 31. Qe4 Qxe4+ 32. Rxe4 d3 33. Rd4 d2 34. Ne3 Rc3 35. Nd1 Rc1 36. Rxd2 gxf6 37. e6 Re8 38. Kg2 Rxe6 39. Nf2 Rec6 40. Rd8+ Kf7 41. Ne4 R6c2+ 42. Kf3 Rf1+ 43. Kg3 f5 44. Ng5+ Ke7 45. Ra8 Rg1+ 46. Kh4 Rxh2+ 47. Nh3 Rg4+ 48. Kh5 Rxh3# 0-1


[Site "https://www.chess.com"]

[Event "Titled Tuesday Blitz February 21 Late 2023"]
[White "Rorrer, Grayson"]
[Black "Tabatabaei, M. Amin"]
[WhiteFideId "30944996"]
[BlackFideId "12521213"]
[WhiteElo "2263"]
[BlackElo "2677"]
[Result "0-1"]
[Round "05"]
[TimeControl "180+2"]
[Date "2023.02.21"]
[WhiteClock "0:02:15"]
[BlackClock "0:02:29"]

1. e4 c6 2. d4 d5 3. exd5 cxd5 4. Bd3 Nc6 5. c3 e6 6. h3 Bd6 7. Nf3 Nge7 8. O-O O-O 9. Re1 Ng6 10. Ng5 Qf6 11. Qh5 h6 12. Nxf7 Qxf7 0-1


[Site "https://www.chess.com"]

[Event "Titled Tuesday Blitz February 21 Late 2023"]
[White "Andreikin, Dmitry"]
[Black "Indjic, Aleksandar"]
[WhiteFideId "4158814"]
[BlackFideId "911925"]
[WhiteElo "2729"]
[BlackElo "2618"]
[Result "1-0"]
[Round "05"]
[TimeControl "180+2"]
[Date "2023.02.21"]
[WhiteClock "0:00:23"]
[BlackClock "0:00:03"]

1. d4 d5 2. c4 e6 3. Nc3 Bb4 4. Nf3 dxc4 5. e3 b5 6. a4 c6 7. Bd2 Bxc3 8. Bxc3 Nf6 9. axb5 cxb5 10. b3 O-O 11. bxc4 bxc4 12. Bxc4 Bb7 13. Be2 Ne4 14. Ba5 Qd5 15. Qb1 Ba6 16. Bxa6 Nxa6 17. O-O Rab8 18. Qa2 Qxa2 19. Rxa2 Rfc8 20. Rfa1 f6 21. h3 Rc6 22. Be1 Rbb6 23. Ra5 h6 24. g4 Kh7 25. Kg2 g5 26. d5 exd5 27. Nd4 Rd6 28. Nf5 Re6 29. Rxd5 Rb7 30. Rda5 Nec5 31. Bc3 Rbb6 32. Bd4 Rec6 33. Bxc5 Nxc5 34. Rxa7+ Nb7 35. Rd1 Rc7 36. Rd6 Rb2 37. Rxf6 1-0


[Site "https://www.chess.com"]

[Event "Titled Tuesday Blitz February 21 Late 2023"]
[White "Vakhlamov, Igor L."]
[Black "Bortnyk, Olexandr"]
[WhiteFideId "24126748"]
[BlackFideId "14120828"]
[WhiteElo "2413"]
[BlackElo "2605"]
[Result "1-0"]
[Round "05"]
[TimeControl "180+2"]
[Date "2023.02.21"]
[WhiteClock "0:00:04"]
[BlackClock "0:00:01"]

1. e4 Nf6 2. e5 Nd5 3. d4 d6 4. Nf3 dxe5 5. Nxe5 c6 6. Be2 Bf5 7. O-O Nd7 8. Nf3 e6 9. a3 Bd6 10. c4 N5f6 11. Nc3 h6 12. Re1 O-O 13. Bd3 Bxd3 14. Qxd3 Qc7 15. Ne4 Rfe8 16. b3 Rad8 17. Bb2 Nxe4 18. Qxe4 Nf6 19. Qe2 a6 20. Rad1 b5 21. g3 bxc4 22. bxc4 Rb8 23. Qc2 Qb7 24. Re2 Qb3 25. Qxb3 Rxb3 26. Ne5 Reb8 27. Rdd2 c5 28. Nc6 Rc8 29. d5 exd5 30. cxd5 c4 31. Bxf6 gxf6 32. Ne7+ Bxe7 33. Rxe7 c3 34. Rc2 Rxa3 35. d6 Kf8 36. Rc7 Rd8 37. d7 Ke7 38. R7xc3 Rxc3 39. Rxc3 Kxd7 40. Kf1 Rb8 41. Rf3 Rb6 42. Rf5 Ke6 43. Rh5 Rb8 44. Rxh6 a5 45. Rh4 Rb4 46. Rh8 a4 47. Ra8 Kf5 48. Kg2 Kg6 49. h4 f5 50. Ra6+ f6 51. Kh3 f4 52. g4 Kg7 53. Kg2 Rc4 54. Kf3 Rb4 55. g5 f5 56. h5 Rc4 57. Ra7+ Kf8 58. h6 Rc1 59. h7 Rh1 60. g6 Rh6 61. g7+ 1-0


[Site "https://www.chess.com"]

[Event "Titled Tuesday Blitz February 21 Late 2023"]
[White "Fedoseev, Vladimir"]
[Black "Gokerkan, Cem Kaan"]
[WhiteFideId "24130737"]
[BlackFideId "6336760"]
[WhiteElo "2680"]
[BlackElo "2500"]
[Result "0-1"]
[Round "05"]
[TimeControl "180+2"]
[Date "2023.02.21"]
[WhiteClock "0:00:35"]
[BlackClock "0:00:18"]

1. e4 c5 2. Nf3 d6 3. d4 cxd4 4. Nxd4 Nf6 5. Nc3 a6 6. Be3 e5 7. Nb3 Be6 8. h3 Be7 9. Qf3 Nbd7 10. O-O-O Rc8 11. Nd5 Bxd5 12. exd5 e4 13. Qg3 Qc7 14. c3 O-O 15. Nd4 Rfe8 16. Be2 Bf8 17. Nf5 Re5 18. Nh6+ Kh8 19. Nxf7+ Kg8 20. Nxe5 Nxe5 21. Kb1 b5 22. Bd4 Ned7 23. Bg4 b4 24. Bxf6 Nxf6 25. Bxc8 Qxc8 26. cxb4 Qf5 27. Ka1 g6 28. Rhe1 Bg7 29. Qxd6 Qxf2 30. Qe6+ Kh8 31. Rf1 Qe2 32. Rde1 Qd2 33. Rxe4 h5 34. Re2 Qd3 35. d6 Nd5 36. d7 Nxb4 37. Qe8+ Kh7 38. d8=Q Nc2+ 39. Rxc2 Qxf1+ 0-1


[Site "https://www.chess.com"]

[Event "Titled Tuesday Blitz February 21 Late 2023"]
[White "Tang, Andrew"]
[Black "Li, Ruifeng"]
[WhiteFideId "2059630"]
[BlackFideId "2061074"]
[WhiteElo "2523"]
[BlackElo "2541"]
[Result "1-0"]
[Round "05"]
[TimeControl "180+2"]
[Date "2023.02.21"]
[WhiteClock "0:00:05"]
[BlackClock "0:00:01"]

1. d4 b6 2. Bf4 Bb7 3. e3 e6 4. Nf3 g6 5. a4 a5 6. Nbd2 Bg7 7. Bb5 Nf6 8. O-O O-O 9. c3 d6 10. Re1 Nbd7 11. e4 h6 12. h3 Qe7 13. Bg3 Rfd8 14. Qe2 Nh5 15. Bh2 e5 16. Rad1 Nf8 17. d5 Nd7 18. b4 Nf4 19. Qc4 Nf6 20. Bxf4 exf4 21. Nd4 Rdc8 22. N2f3 Nd7 23. Bxd7 Qxd7 24. b5 Re8 25. Ne2 g5 26. Ned4 Be5 27. Nxe5 Rxe5 28. Nf3 f6 29. Nxe5 fxe5 30. Qe2 Kg7 31. Rd3 Rf8 32. Kh2 Bc8 33. Rh1 Qf7 34. Kg1 h5 35. g3 Kh6 36. Rh2 Bd7 37. Qd2 Kg7 38. Qe2 Kh6 39. Rd2 Qf6 40. Qc4 Rc8 41. Qd3 Rf8 42. g4 h4 43. Qc4 Rc8 44. Kg2 Qe7 45. Rh1 Be8 46. Rc1 Bf7 47. Qe2 Rd8 48. Qe1 Qf8 49. Rd3 Qe7 50. c4 Qf8 51. Rcd1 Qe7 52. Qd2 Bg6 53. f3 Rb8 54. c5 bxc5 55. Qxa5 Qd7 56. Ra3 Qc8 57. Qc3 Ra8 58. Rda1 Qb7 59. Qb2 Be8 60. Rb3 Ra5 61. b6 c6 62. Qc3 Ra6 63. dxc6 Bxc6 64. a5 Bxe4 65. Rd1 1-0


[Site "https://www.chess.com"]

[Event "Titled Tuesday Blitz February 21 Late 2023"]
[White "Rustemov, Alexander"]
[Black "Bortnyk, Mykola"]
[WhiteFideId "4119002"]
[BlackFideId "14120836"]
[WhiteElo "2525"]
[BlackElo "2425"]
[Result "0-1"]
[Round "05"]
[TimeControl "180+2"]
[Date "2023.02.21"]
[WhiteClock "0:00:08"]
[BlackClock "0:00:05"]

1. d4 d6 2. Nf3 g6 3. c4 Bg7 4. Nc3 Nd7 5. g3 e6 6. Bg2 Ne7 7. O-O O-O 8. e4 h6 9. Be3 b6 10. Qd2 Kh7 11. Rad1 Bb7 12. Rfe1 Rb8 13. b3 a6 14. h3 e5 15. dxe5 Nxe5 16. Nxe5 dxe5 17. Qxd8 Rbxd8 18. Nd5 Nxd5 19. cxd5 f5 20. f3 f4 21. gxf4 exf4 22. Bd4 Bxd4+ 23. Rxd4 c6 24. d6 c5 25. Rd2 Bc8 26. e5 Be6 27. Bf1 Rf5 28. Bxa6 Rg5+ 29. Kf2 Bxh3 30. Bf1 Be6 31. Bc4 Bh3 32. Re4 Rg2+ 33. Ke1 Rg1+ 34. Ke2 Bf5 35. Rxf4 Kg7 36. Ke3 Re1+ 37. Re2 Rxe2+ 38. Bxe2 Re8 39. Rxf5 gxf5 40. Kf4 h5 41. Kxf5 h4 42. d7 Rf8+ 43. Ke6 h3 44. Bf1 h2 45. Bg2 b5 46. Ke7 c4 47. bxc4 bxc4 48. e6 c3 49. Kd6 c2 50. e7 Rf6+ 51. Kd5 c1=Q 52. e8=Q Qc6+ 53. Kd4 Rd6+ 54. Ke5 Qc5+ 55. Kf4 Rf6+ 56. Kg3 Qd6+ 57. Kf2 Qd2+ 58. Kg3 Rg6+ 59. Kh4 Qh6# 0-1


[Site "https://www.chess.com"]

[Event "Titled Tuesday Blitz February 21 Late 2023"]
[White "Javakhadze, Zurab"]
[Black "Sjugirov, Sanan"]
[WhiteFideId "13603647"]
[BlackFideId "4189302"]
[WhiteElo "2459"]
[BlackElo "2712"]
[Result "1/2-1/2"]
[Round "05"]
[TimeControl "180+2"]
[Date "2023.02.21"]
[WhiteClock "0:00:21"]
[BlackClock "0:00:22"]

1. Nf3 d5 2. g3 Bg4 3. Bg2 Nd7 4. O-O c6 5. d3 Ngf6 6. Nbd2 e5 7. e4 Bd6 8. h3 Bh5 9. exd5 cxd5 10. c4 O-O 11. cxd5 Nxd5 12. Qb3 N5b6 13. Nc4 Nc5 14. Qb5 Nxc4 15. Qxc4 Rc8 16. Be3 Bg6 17. Rfd1 Nxd3 18. Qb3 e4 19. Ng5 Qe7 20. Nxe4 Bxe4 21. Bxe4 Qxe4 22. Qxd3 Qxd3 23. Rxd3 Be5 24. Rd7 b5 25. Bxa7 Bxb2 26. Rb1 Rc2 27. Rb7 Bf6 28. a3 Bb2 29. Rxb5 Bxa3 30. Rb8 Rcc8 31. Rxc8 Rxc8 32. Be3 g6 1/2-1/2


[Site "https://www.chess.com"]